 Dungeon Crawl Stone Soup version 0.32-a0-791-gfc315c9ecd (webtiles) character file.

Game seed: 6165116021420258796

31 jasper the Trooper (level 3, 0/39 HPs)
             Began as an Oni Fighter on Mar 20, 2024.
             Killed from afar by Ijyb (7 damage)
             ... with a puff of flame
             ... on level 3 of the Dungeon.
             The game lasted 00:02:10 (1826 turns).

jasper the Trooper (Oni Fighter)                    Turns: 1826, Time: 00:02:11

Health: 0/39       AC:  4    Str: 22    XL:     3   Next: 22%
Magic:  3/3        EV:  7    Int:  9    God:
Gold:   97         SH:  7    Dex:  8    Spells: 2/2 levels left

rFire   . . .        a - +1 flail
rCold   . . .        c - +0 kite shield
rNeg    . . .        b - +0 robe
rPois   .            (helmet restricted)
rElec   .            h - +0 cloak
rCorr   +            (gloves unavailable)
SInv    .            (boots unavailable)
Will    .....        (no amulet)
Stlth   +            g - ring of resist corrosion
HPRegen 0.26/turn    (no ring)
MPRegen 0.08/turn

%: no passive effects
@: no status effects
A: large, unfitting armour, horns 1, tough skin 1, double potion healing,
drunken brawling
a: no special abilities


You were on level 3 of the Dungeon.
You visited 1 branch of the dungeon, and saw 3 of its levels.

You collected 97 gold pieces.

Inventory:

Hand Weapons
 a - a +1 flail (weapon)
 l - the +3 spear of Courage {flame, rF+ rC+ Str+3 Int+3}
   (You found it on level 2 of the Dungeon)

   Str+3:     It affects your strength (+3).
   Int+3:     It affects your intelligence (+3).
   rF+:       It protects you from fire.
   rC+:       It protects you from cold.
Missiles
 e - 6 boomerangs (quivered)
 f - 20 stones
Armour
 b - a +0 robe (worn)
 c - a +0 kite shield (worn)
 h - a +0 cloak (worn)
Jewellery
 g - a ring of resist corrosion (left hand)
 k - a ring of wizardry
Potions
 d - 2 potions of might
 j - a potion of lignification


   Skills:
 - Level 4.0 Fighting
 + Level 3.6 Maces & Flails
 - Level 2.6 Dodging
 - Level 2.6 Shields


You had 2 spell levels left.
You didn't know any spells.
Your spell library contained the following spells:

 Spells                   Type           Power      Damage    Failure   Level
 Slow                     Hex            0%         N/A       67%         1
 Confusing Touch          Hex            0%         N/A       96%         3
 Vampiric Draining        Necr           0%         2d6       96%         3


Dungeon Overview and Level Annotations

Branches:
Dungeon (3/15)

Altars:

Annotations:
D:3 Ijyb


Innate Abilities, Weirdness & Mutations

You are too large for most types of armour.
You have a pair of small horns on your head.
You have tough skin. (AC +1)
You gain doubled healing and magic from potions.
Whenever you drink a healing potion, you attack all around you.


Message History

You barely miss Ijyb. Your headbutt misses Ijyb.
Ijyb is heavily wounded.
Ijyb hits you with a +3 dagger of holy wrath.
You take 3 damage, and have 27/39 hp.
You closely miss Ijyb. Your headbutt misses Ijyb.
Ijyb is heavily wounded.
Ijyb closely misses you.
You hit Ijyb but do no damage.
Ijyb is heavily wounded.
Ijyb barely misses you. x2
You hit Ijyb but do no damage.
Ijyb is heavily wounded.
Ijyb hits you with a +3 dagger of holy wrath.
You take 2 damage, and have 26/39 hp.
You barely miss Ijyb.
Ijyb is heavily wounded.
You block Ijyb's attack.
You closely miss Ijyb. Your headbutt misses Ijyb.
Ijyb is heavily wounded.
Ijyb hits you with a +3 dagger of holy wrath.
Ijyb closely misses you.
You take 3 damage, and have 23/39 hp.
You hit Ijyb. Your headbutt misses Ijyb.
Ijyb is heavily wounded.
Ijyb hits you with a +3 dagger of holy wrath.
You take 6 damage, and have 17/39 hp.
You hit Ijyb.
Ijyb is heavily wounded.
Ijyb barely misses you.
You barely miss Ijyb. Your headbutt misses Ijyb.
Ijyb is heavily wounded.
Ijyb hits you with a +3 dagger of holy wrath.
Ijyb hits you with a +3 dagger of holy wrath!
* * * LOW HITPOINT WARNING * * *
You take 10 damage, and have 7/39 hp.
MASSIVE DAMAGE!!
You sock Ijyb!
Ijyb is almost dead.
Ijyb zaps a wand.
The puff of flame hits you!
You die...
Ijyb moans, "Good help so hard to find!"

#...#.. #....#
#...#.. #... #.?.#..
#.####... #...#.#
#........ #...#.#
#####<#'# #...#.#
#######.# #...#.#
#.......#
#...#g#######.##.....
#...@.........##.####
#...#.......####.#
###.#.......# #.#
#.#.#####.# #.# #.#.#
### #.# #.#.. ..#
#.### ### #.


You could see Ijyb.

Vanquished Creatures
  A dart slug (D:2)
  A ribbon worm (D:2)
  6 bats
  A giant cockroach (D:1)
  3 goblins (D:1)
  2 hobgoblins
  A ball python (D:1)
  3 frilled lizards
  5 kobolds
  3 rats
26 creatures vanquished.

Notes
Turn   | Place    | Note
-------+----------+-------------------------------------------
     0 | D:1      | jasper the Oni Fighter began the quest for the Orb.
     0 | D:1      | Reached XP level 1. HP: 24/24 MP: 1/1
   127 | D:1      | Reached XP level 2. HP: 32/32 MP: 2/2
  1126 | D:2      | Reached XP level 3. HP: 24/39 MP: 3/3
  1359 | D:2      | Identified the +3 spear of Courage {flame, rF+ rC+ Str+3
                  | Int+3}
  1806 | D:3      | Noticed Ijyb
  1826 | D:3      | Killed from afar by Ijyb

Illustrated notes

Levels and vault maps discovered:
D:1:      dpeg_arrival_houses_and_road, layout_loops_ring, minmay_misc_feat_x,
          roderic_roman_lattice, chequers_serial_rivers_micro_e
D:2:      layout_basic, chequers_mini_garden
D:3:      layout_basic, kennysheep_nub, uniq_ijyb

Skill      XL: |  1  2 |
---------------+-------+-----
Maces & Flails | 3 |  3.6
Fighting       | |  4.0
Dodging        | |  2.6
Shields        | |  2.6

Action                     || total
---------------------------++-------
  Melee: Flail             ||    83
         Headbutt          ||     9
    Use: Scroll            ||     4
 Armour: Robe              ||    55
  Dodge: Dodged            ||    33
  Block: Kite shield       ||    31

Table legend: (Time is in decaauts)
 A = Elapsed time spent in this place.
 B = Non-inter-level travel time spent in this place.
 C = Inter-level travel time spent in this place.
 D = Time resting spent in this place.
 E = Time spent auto-exploring this place.
 F = Levels seen in this place.
 G = Mean time per level.
                   A        B        C        D        E       F      G
               +--------+--------+--------+--------+--------+-----+--------+
         Total |   1855 |   1750 |    105 |      8 |   1448 |   3 |  618.3 |
       Dungeon |   1855 |   1750 |    105 |      8 |   1448 |   3 |  618.3 |
               +--------+--------+--------+--------+--------+-----+--------+

Top non-repeatable levels by time:
     D:2: 961 daAuts
     D:1: 819 daAuts
     D:3: 75 daAuts
